 Dungeon Crawl Stone Soup version 0.23-a0-171-g5ae17c6 (webtiles) character file.

77 Ijustatesigmund the Chopper (level 4, 0/29 HPs)
             Began as an Octopode Gladiator on Sept 13, 2018.
             Slain by an orc priest
             ... wielding a +0 hand axe
              (5 damage)
             ... on level 2 of the Dungeon.
             The game lasted 00:02:08 (974 turns).

Ijustatesigmund the Chopper (Octopode Gladiator)     Turns: 974, Time: 00:02:09

Health: 0/29       AC:  1    Str: 10 (13) XL:     4   Next: 33%
Magic:  4/4        EV: 14    Int:  8 (10) God:
Gold:   50         SH:  0    Dex: 14      Spells: 3/3 levels left

rFire    . . .     SeeInvis .   a - +0 war axe
rCold    . . .     Gourm    .   (no shield)
rNeg     . . .     Faith    .   b - +0 hat
rPois    .         Spirit   .   (no amulet)
rElec    .         Reflect  .   (no ring)
rCorr    .         Harm     .   (no ring)
MR       .....                  (no ring)
Stlth    ++++......             (no ring)
HPRegen  0.09/turn              (no ring)
MPRegen  0.09/turn              (no ring)
                                (no ring)
                                (no ring)

@: no status effects
A: almost no armour, stealthy swim, amphibious, 8 rings, constrict 8, camouflage
1, gelatinous body 1
a: no special abilities


You were on level 2 of the Dungeon.
You were not hungry.

You visited 1 branch of the dungeon, and saw 2 of its levels.

You collected 50 gold pieces.

Inventory:

Hand Weapons
 a - a +0 war axe (weapon)
Armour
 b - a +0 hat (worn)
Scrolls
 h - a scroll of blinking
Potions
 j - a potion of degeneration
Comestibles
 d - 4 rations


   Skills:
 - Level 2.0 Fighting
 + Level 4.1 Axes
 - Level 2.0 Throwing
 - Level 3.0 Dodging
 + Level 3.8 Stealth


You had 3 spell levels left.
You didn't know any spells.
Your spell library was empty.

Dungeon Overview and Level Annotations

Branches:
Dungeon (2/15)

Altars:


Innate Abilities, Weirdness & Mutations

You cannot wear most types of armour.
You are very stealthy in the water. (Stealth+)
You are amphibious.
You can wear up to eight rings at the same time.
You can use your tentacles to constrict eight enemies at once.
Your skin changes colour to match your surroundings (Stealth+).
Your rubbery body absorbs attacks. (AC +1, EV +1)


Message History

No target in view!
No target in view!
You start resting.
The orc priest is too close now for your liking.
Things that are here:
a whip; a leather armour; an orc corpse You barely miss the orc priest.
Your grab misses the orc priest.
The orc priest mumbles some strange prayers to Beogh against you.
Beogh smites you!
* * * LOW HITPOINT WARNING * * *
You are too injured to fight recklessly!
You are too injured to fight recklessly!
You are too injured to fight recklessly!
You are too injured to fight recklessly!
You hit the orc priest. You grab the orc priest.
The orc priest is moderately wounded.
You constrict the orc priest, but do no damage.
The orc priest miscasts a cantrip.
The orc priest hits you with a hand axe.
You die...

..# .. ..###### ## #..#
.......# ##..
#...###....#.####..>#.
#......# ........#...
#####.#...###..........#
..............#..>...>##
..........)...).#o.....#
................@......#
#.............######....
..........[....# .
######..#....###
#...........#
#............#
##..............
##...........#...
.#..............


You could see an orc priest.

Vanquished Creatures
  An orc priest (D:2)
  An adder (D:2)
  An ooze (D:2)
  A worm (D:2)
  2 orcs (D:2)
  A bat (D:1)
  4 giant cockroaches
  A goblin (D:1)
  2 hobgoblins (D:2)
  2 quokkas (D:2)
  4 ball pythons (D:1)
  4 kobolds
  4 rats
28 creatures vanquished.

Notes
Turn   | Place    | Note
-------+----------+-------------------------------------------
     0 | D:1      | Ijustatesigmund the Octopode Gladiator began the quest for
                  | the Orb.
     0 | D:1      | Reached XP level 1. HP: 14/14 MP: 1/1
   147 | D:1      | Reached skill level 1 in Stealth
   304 | D:1      | Reached XP level 2. HP: 16/19 MP: 2/2
   711 | D:2      | Reached XP level 3. HP: 23/24 MP: 3/3
   970 | D:2      | Reached skill level 4 in Axes
   970 | D:2      | Reached XP level 4. HP: 17/29 MP: 4/4
   974 | D:2      | Slain by an orc priest

Vault maps used:
D:1:      onia_arrival_handbag, hangedman_abyss_or_decor_stabs,
          skrybe_limestone_x, minivault_25
D:2:      first_ration

Skill      XL: |  1  2  3 |
---------------+----------+-----
Stealth        | 1 2 3 |  3.8
Axes           | 4 |  4.1
Fighting       | |  2.0
Throwing       | |  2.0
Dodging        | |  3.0

Action                   |  1- 3 |  4- 6 || total
-------------------------+-------+-------++-------
Melee: War axe           |    49 |     2 ||    51
       Constrict         |    11 |     1 ||    12
       Tentacles         |     4 |       ||     4
Throw: Throwing net      |     3 |       ||     3
  Use: Scroll            |     2 |       ||     2
       Potion            |     4 |       ||     4
 Stab: Sleeping          |     7 |       ||     7
       Held in net/web   |     2 |       ||     2
Armor: Skin              |    14 |       ||    14
Dodge: Dodged            |    28 |       ||    28

Table legend:
 A = Non-vault XP
 B = Vault XP
 C = Vault XP percentage of total XP
 D = Non-vault monster count
 E = Vault monster count
 F = Vault count percentage of total count
                 A         B        C        D         E       F
            +---------+---------+-------+---------+---------+-------
      Total |     106 |       4 |   3.6 |      24 |       4 |  14.3
            +---------+---------+-------+---------+---------+-------
        D:1 |      13 |       4 |  23.5 |       8 |       4 |  33.3
        D:2 |      93 |       0 |   0.0 |      16 |       0 |   0.0
            +---------+---------+-------+---------+---------+-------
